 Dungeon Crawl Stone Soup version 0.31-a0-986-g5e6e4ef867 (webtiles) character file.

Game seed: 7713714084450638572

823 Whiskey the Changeling (level 7, -7/48 HPs)
             Began as an Octopode Shapeshifter on Nov 4, 2023.
             Mangled by an orc warrior
             ... wielding a +0 flail
              (16 damage)
             ... on level 4 of the Dungeon.
             The game lasted 00:08:58 (4358 turns).

Whiskey the Changeling (Octopode Shapeshifter)      Turns: 4358, Time: 00:08:58

Health: -7/48      AC:  1    Str: 16    XL:     7   Next: 96%
Magic:  7/7        EV: 18    Int: 12    God:
Gold:   265        SH:  0    Dex: 17    Spells: 6/6 levels left

rFire   . . .        s - +1 dagger (elec)
rCold   . . .        (no shield)
rNeg    . . .        (helmet currently unavailable)
rPois   .            (no amulet)
rElec   .            d - +6 ring of dexterity
rCorr   .            h - +5 ring of evasion
SInv    .            (no ring)
Will    .....        (no ring)
Stlth   +++          (no ring)
HPRegen 0.28/turn    (no ring)
MPRegen 0.10/turn    (no ring)
                     (no ring)

%: no passive effects
@: beast-form
A: beast (slay +4), almost no armour, amphibious, 8 rings, camouflage 1,
gelatinous body 1, (nimble swimmer 1), tentacles
a: Begin Untransformation


You were on level 4 of the Dungeon.
You were a hulking beast.
You visited 1 branch of the dungeon, and saw 5 of its levels.

You collected 265 gold pieces.

Inventory:

Hand Weapons
 s - a +1 dagger of electrocution (weapon)
   (You took it off a goblin on level 2 of the Dungeon)
 u - a +0 dagger of electrocution
   (You took it off an orc on level 3 of the Dungeon)
 v - a +0 dagger of protection
   (You took it off an orc on level 3 of the Dungeon)
 z - a +0 dagger of venom
   (You found it on level 3 of the Dungeon)
Missiles
 m - 3 poisoned darts (quivered)
Magical Staves
 i - a staff of fire {rF+}
   (You found it on level 1 of the Dungeon)
Jewellery
 d - a +6 ring of dexterity (left tentacle)
   (You found it on level 1 of the Dungeon)
 h - a +5 ring of evasion (right tentacle)
   (You found it on level 1 of the Dungeon)
Talismans
 b - a beast talisman
 j - a flux talisman
   (You found it on level 1 of the Dungeon)
Wands
 w - a wand of flame (2)
   (You took it off Sigmund on level 3 of the Dungeon)
 y - a wand of light (10)
   (You took it off a hobgoblin on level 3 of the Dungeon)
Scrolls
 e - a scroll of butterflies {unknown}
 f - 4 scrolls of identify {unknown}
 g - a scroll of silence {unknown}
 k - 2 scrolls of blinking {unknown}
 l - 2 scrolls of amnesia {unknown}
 o - a scroll of fear {unknown}
 p - 4 scrolls of teleportation {unknown}
 q - a scroll of immolation {unknown}
 t - a scroll of vulnerability {unknown}
 x - a scroll of enchant armour {unknown}
 C - a scroll of poison {unknown}
Potions
 a - 3 potions of lignification {!q}
 c - a potion of invisibility {unknown}
 n - a potion of heal wounds {unknown}
 r - a potion of ambrosia {unknown}
 A - a potion of brilliance {unknown}
 B - a potion of might {unknown}


   Skills:
 + Level 4.3 Fighting
 - Level 2.0 Dodging
 - Level 3.0 Stealth
 - Level 3.0 Unarmed Combat
 * Level 7.1 Shapeshifting


You had 6 spell levels left.
You didn't know any spells.
Your spell library contained the following spells:

 Spells                   Type           Power      Damage    Failure   Level
 Dazzling Flash           Conj/Hex       0%         N/A       69%         3
 Gell's Gravitas          Tloc           0%         N/A       69%         3
 Teleport Other           Tloc           0%         N/A       69%         3
 Volatile Blastmotes      Fire/Tloc      0%         2d10      69%         3
 Dispersal                Tloc           0%         N/A       100%        6
 Starburst                Conj/Fire      0%         6d3       100%        6
 Haunt                    Necr/Summ      0%         N/A       100%        7
 Borgnjor's Revivificati  Necr           0%         N/A       100%        8
 Maxwell's Capacitive Co  Air            0%         ∞         100%        8
 Death's Door             Necr           0%         N/A       100%        9


Dungeon Overview and Level Annotations

Branches:
Dungeon (5/15)
 Temple: D:4-7

Altars:
Dithmenos
Hepliaklqana
Sif Muna


Innate Abilities, Weirdness & Mutations

You are a hulking beast.
Your limbs bulge with bestial killing power. (Slay +4)
You cannot wear most types of armour.
You are amphibious.
You can wear up to eight rings at the same time.
Your skin changes colour to match your surroundings (Stealth+).
Your rubbery body absorbs attacks. (AC +1, EV +1)
((You are camouflaged when in or above water. (Stealth+)))
You have tentacles for arms and can constrict up to eight enemies at once.


Message History

You hear a shout! x2
Something hits you. The orc closely misses you.
You hear a bark!
You take 1 damage, and have 35/48 hp.
You release your grip on the orc.
The orc warrior misses you.
An orc wizard comes into view. It is wielding a +0 dagger.
There is a stone staircase leading up here.
You climb upwards.
Reactivating autopickup.
There is a stone staircase leading down here.
You hit the orc. Lightning courses through the orc!
You kill the orc!
Something hits you.
Deactivating autopickup; reactivate with Ctrl-A.
Things that are here:
a +0 flail; a +0 scale mail You barely miss something.
Something hits you.
You take 2 damage, and have 35/48 hp.
You hit something but do no damage. Something hits you.
You take 2 damage, and have 33/48 hp.
You barely miss something. Your squeeze misses something.
You hear some strange, mumbled words.
You are confused.
You closely miss something. Your squeeze misses something. Something hits you.
You take 2 damage, and have 32/48 hp.
Something hits you.
You take 1 damage, and have 31/48 hp.
Something hits you.
A magic dart appears from out of thin air!
The magic dart hits you.
You take 5 damage, and have 26/48 hp.
You feel less confused. Something hits you but does no damage.
You hit something. Your squeeze misses something. Something barely misses you.
You puncture something! Lightning courses through something!
Reactivating autopickup.
You feel a bit more experienced.
Your Shapeshifting skill increases to level 7!
Things that are here:
a +0 dagger; a +0 robe; an orc corpse You start resting.
Health restored: 48
There is a stone staircase leading down here.
You climb downwards.
The orc warrior barely misses you. The orc misses you. The scorpion misses you.
The orc warrior barely misses you. The orc barely misses you.
There is a stone staircase leading up here.
The scorpion completely misses you. The orc hits you with a +0 flail.
The scorpion stings you.
You climb upwards.
There is a stone staircase leading down here.
You take 10 damage, and have 38/48 hp.
MASSIVE DAMAGE!!
You puncture the orc!
You kill the orc!
The orc warrior barely misses you. The scorpion misses you.
The scorpion attacks as it pursues you! The scorpion closely misses you.
The orc warrior closely misses you.
Items here: )) [ †.
The scorpion stings you.
You take 1 damage, and have 38/48 hp.
You hit the scorpion but do no damage. You grab the scorpion.
You squeeze the scorpion.
You constrict the scorpion, but do no damage.
The scorpion stings you!
You take 8 damage, and have 30/48 hp.
You hit the scorpion. Your squeeze misses the scorpion.
You constrict the scorpion. The scorpion stings you.
You take 4 damage, and have 26/48 hp.
You hit the scorpion but do no damage. You constrict the scorpion.
The scorpion stings you!
You take 6 damage, and have 20/48 hp.
You hit the scorpion. You squeeze the scorpion.
You kill the scorpion!
Throw: 4 darts (poison)
Press: ? - help, Q - select action, (/) - cycle Shift-Dir - straight line, f - orc warrior
Aim: an orc warrior, wielding a +0 flail and wearing a +0 chain mail (61% to hit)
You throw a poisoned dart. The poisoned dart hits the orc warrior.
The orc warrior misses you.
You closely miss the orc warrior. Your grab misses the orc warrior.
Your squeeze misses the orc warrior. The orc warrior closely misses you.
You hit the orc warrior but do no damage.
You grab the orc warrior. You squeeze the orc warrior!
You constrict the orc warrior, but do no damage.
The orc warrior closely misses you.
You hit the orc warrior.
You squeeze the orc warrior, but do no damage.
You constrict the orc warrior, but do no damage.
The orc warrior completely misses you.
You hit the orc warrior but do no damage.
You constrict the orc warrior, but do no damage.
The orc warrior hits you with a +0 flail!
* * * LOW HITPOINT WARNING * * *
You take 13 damage, and have 8/48 hp.
MASSIVE DAMAGE!!
You hit the orc warrior but do no damage.
You constrict the orc warrior. The orc warrior closely misses you.
Okay, then.
You puncture the orc warrior! You constrict the orc warrior.
The orc warrior hits you with a +0 flail!
You die...

...####.# #...#
#.#.....####.## ...# #.#
#...# #.##.........# ...#
#.###...# #.##..########
#######.......#####.##..#
#...............##..#
#....)...#########).#
#...................#
#.(...#[.##########.#
#.....#.>).oh.......#
#.....###############
#.....# #.....# #.....#
#.....# #.....# #######


You could see an orc warrior.

Vanquished Creatures
  Sigmund (D:3)
  A scorpion (D:4)
  A jelly (D:4)
  2 hounds (D:4)
  3 orc priests
  Terence (D:2)
  A gnoll bouda (D:4)
  3 orc wizards (D:4)
  Natasha (thrice) (D:2)
  Robin (D:3)
  6 adders
  5 gnolls (D:4)
  3 worms
  A dart slug (D:4)
  15 orcs
  15 ball pythons
  6 bats
  5 endoplasms
  3 giant cockroaches
  14 goblins
  10 hobgoblins
  2 jackals (D:1)
  5 kobolds
  A quokka (D:4)
  2 frilled lizards
  3 rats (D:1)
113 creatures vanquished.

Notes
Turn   | Place    | Note
-------+----------+-------------------------------------------
     0 | D:1      | Whiskey the Octopode Shapeshifter began the quest for the
                  | Orb.
     0 | D:1      | Reached XP level 1. HP: 13/13 MP: 1/1
   268 | D:1      | Reached XP level 2. HP: 18/18 MP: 2/2
   919 | D:1      | Reached XP level 3. HP: 23/23 MP: 3/3
  1018 | D:2      | Reached skill level 4 in Shapeshifting
  1247 | D:2      | Reached XP level 4. HP: 28/28 MP: 4/4
  1299 | D:2      | Reached skill level 1 in Stealth
  1376 | D:2      | Noticed Terence
  1380 | D:2      | Killed Terence
  1721 | D:2      | Reached skill level 2 in Stealth
  1970 | D:3      | Noticed Robin
  1970 | D:3      | Noticed Natasha
  2109 | D:3      | Reached XP level 5. HP: 28/33 MP: 5/5
  2115 | D:2      | Killed Natasha
  2378 | D:2      | Noticed Natasha
  2383 | D:2      | Killed Natasha
  2384 | D:2      | Reached skill level 3 in Stealth
  2565 | D:2      | Noticed Natasha
  2570 | D:2      | Killed Natasha
  2571 | D:2      | Reached skill level 2 in Fighting
  2571 | D:2      | Reached skill level 5 in Shapeshifting
  2608 | D:3      | Killed Robin
  2651 | D:3      | Reached XP level 6. HP: 11/40 MP: 6/6
  2775 | D:3      | Noticed Sigmund
  2796 | D:3      | Killed Sigmund
  2797 | D:3      | Reached skill level 3 in Fighting
  2803 | D:3      | Reached skill level 6 in Shapeshifting
  3081 | D:3      | Found a faded altar of an unknown god.
  3081 | D:3      | Found a hazy altar of Hepliaklqana.
  3545 | D:4      | Reached XP level 7. HP: 46/46 MP: 7/7
  3802 | D:4      | Found a shimmering blue altar of Sif Muna.
  3805 | D:4      | Identified the +0 leather armour of Osock {Str+3}
  4014 | D:4      | Reached skill level 4 in Fighting
  4071 | D:4      | Found a shadowy altar of Dithmenos.
  4239 | D:5      | Entered Level 5 of the Dungeon
  4264 | D:4      | Reached skill level 7 in Shapeshifting
  4356 | D:4      | HP: 8/48 [orc warrior/+0 flail (13)]
  4358 | D:4      | Mangled by an orc warrior

Illustrated notes

Levels and vault maps discovered:
D:1:      psy_arrival_basics, layout_basic
D:2:      layout_basic, uniq_terence
D:3:      layout_basic, beargit_hepliaklqana_dungeon_heroes, uniq_robin,
          uniq_natasha, uniq_sigmund
D:4:      layout_basic, grunt_dithmenos_smoke, lemuel_doored_altar
D:5:      layout_rooms, okawaru_metal_pillars_1_2,
          nemelex_xobeh_ov_fountains_minmay, minmay_temple_entry_slanted,
          minmay_misc_feat_encased, serial_bayou_lagoon_a, lemuel_flamethrower_1

Skill      XL: |  1  2  3  4  5  6  7 |
---------------+----------------------+-----
Shapeshifting  | 4 5 6 7 |  7.1
Stealth        | 2 3 |  3.0
Fighting       | 2 3 4 |  4.3
Dodging        | |  2.0
Unarmed Combat | |  3.0

Action                     |  1- 3 |  4- 6 |  7- 9 || total
---------------------------+-------+-------+-------++-------
  Melee: Unarmed           |    47 |       |       ||    47
         Constrict         |    21 |    18 |    16 ||    55
         Tentacles         |     8 |    11 |    13 ||    32
         Dagger            |    10 |    79 |    63 ||   152
         Punch             |       |     1 |       ||     1
  Throw: Dart              |       |       |     6 ||     6
   Stab: Sleeping          |     8 |    13 |     3 ||    24
         Distracted        |       |     2 |     3 ||     5
 Armour: Skin              |    12 |    31 |    27 ||    70
  Dodge: Dodged            |    41 |    69 |    39 ||   149

Table legend: (Time is in decaauts)
 A = Elapsed time spent in this place.
 B = Non-inter-level travel time spent in this place.
 C = Inter-level travel time spent in this place.
 D = Time resting spent in this place.
 E = Time spent auto-exploring this place.
 F = Levels seen in this place.
 G = Mean time per level.
                   A        B        C        D        E       F      G
               +--------+--------+--------+--------+--------+-----+--------+
         Total |   4358 |   3740 |    618 |    448 |   2593 |   5 |  871.6 |
       Dungeon |   4358 |   3740 |    618 |    448 |   2593 |   5 |  871.6 |
               +--------+--------+--------+--------+--------+-----+--------+

Top non-repeatable levels by time:
     D:2: 1592 daAuts
     D:1: 994 daAuts
     D:3: 940 daAuts
     D:4: 817 daAuts
     D:5: 13 daAuts

Levels and vault maps discovered:
D:1:      psy_arrival_basics, layout_basic
D:2:      layout_basic, uniq_terence
D:3:      layout_basic, beargit_hepliaklqana_dungeon_heroes, uniq_robin,
          uniq_natasha, uniq_sigmund
D:4:      layout_basic, grunt_dithmenos_smoke, lemuel_doored_altar
D:5:      layout_rooms, okawaru_metal_pillars_1_2,
          nemelex_xobeh_ov_fountains_minmay, minmay_temple_entry_slanted,
          minmay_misc_feat_encased, serial_bayou_lagoon_a, lemuel_flamethrower_1

Table legend: (Time is in decaauts)
 A = Elapsed time spent in this place.
 B = Non-inter-level travel time spent in this place.
 C = Inter-level travel time spent in this place.
 D = Time resting spent in this place.
 E = Time spent auto-exploring this place.
 F = Levels seen in this place.
 G = Mean time per level.
                   A        B        C        D        E       F      G
               +--------+--------+--------+--------+--------+-----+--------+
         Total |   4358 |   3740 |    618 |    448 |   2593 |   5 |  871.6 |
       Dungeon |   4358 |   3740 |    618 |    448 |   2593 |   5 |  871.6 |
               +--------+--------+--------+--------+--------+-----+--------+

Top non-repeatable levels by time:
     D:2: 1592 daAuts
     D:1: 994 daAuts
     D:3: 940 daAuts
     D:4: 817 daAuts
     D:5: 13 daAuts

Table legend:
 A = Kills in this place as a percentage of kills in the entire game.
 B = Kills by you in this place as a percentage of kills by you in the entire game.
 C = Kills by friends in this place as a percentage of kills by friends in the entire game.
 D = Other kills in this place as a percentage of other kills in the entire game.
 E = Experience gained in this place as a percentage of experience gained in the entire game.
 F = Experience gained in this place divided by the number of levels of this place that you have seen.
                   A       B       C       D       E      F
               +-------+-------+-------+-------+-------+----------------------
         Total | 100.0 | 100.0 |   N/A |   N/A | 100.0 | 235.2
       Dungeon | 100.0 | 100.0 |   N/A |   N/A | 100.0 | 235.2
               +-------+-------+-------+-------+-------+----------------------
